AoeStats
← savinbel

Arena

510127615Analyzed
1v1 RM · 2d ago on Sep 29, 2026· 58m 32s· 2 players
Game mode
Random Map
Map size
Tiny (2 player)
Population
200
Speed
Normal
Resources
Standard
Victory
Conquest
Starting age
Dark Age
Ending age
Imperial Age
RankedLock teamsTeams togetherTeam positionsShared explorationLock speedFull tech treeHidden civsTurbo modeCheats
Victory
Defeat
🇧🇾 Goths · Belarus
909
+15
🇧🇩 Slavs · Bangladesh
883
-15
wekap1
7:25 Loom
9:23 Feudal Age
9:49 Horse Collar
9:58 Double-Bit Axe
14:57 Loom
17:25 Castle Age
15:28 Gold Mining
16:57 Wheelbarrow
17:19 Man-at-Arms
18:11 Heavy Plow
18:21 Bow Saw
18:38 Forging
19:07 Long Swordsman
20:01 Scale Mail Armor
21:16 Scale Barding Armor
21:38 Stone Mining
23:59 Gold Shaft Mining
23:18 Pikeman
23:59 Squires
24:30 Chain Barding Armor
24:53 Iron Casting
25:48 Hand Cart
25:25 Town Watch
25:28 Loom
26:38 Husbandry
26:50 Bloodlines
31:34 Imperial Age
29:18 Town Watch
29:56 Chain Barding Armor
31:35 Chain Mail Armor
31:25 Padded Archer Armor
31:15 Fletching
31:42 Elite Boyar
33:04 Crop Rotation
33:35 Two-Man Saw
33:05 Town Patrol
34:07 Blast Furnace
33:43 Plate Barding Armor
33:43 Conscription
34:21 Masonry
35:32 Murder Holes
35:11 Elite Skirmisher
36:01 Elite Boyar
36:33 Crossbowman
37:24 Bodkin Arrow
37:45 Leather Archer Armor
37:01 Onager
39:02 Detinets
40:08 Ring Archer Armor
39:54 Chain Mail Armor
41:41 Ballistics
42:22 Chemistry
44:42 Light Cavalry
47:27 Pikeman
51:11 Two-Handed Swordsman
54:06 Champion
56:39 Halberdier
savinbel
12:24 Feudal Age
17:10 Castle Age
15:28 Stone Mining
15:36 Horse Collar
15:54 Double-Bit Axe
17:49 Wheelbarrow
17:09 Gold Mining
19:01 Stone Shaft Mining
19:02 Heavy Plow
19:43 Bow Saw
25:50 Pikeman
28:27 Hand Cart
27:59 Loom
28:01 Town Watch
29:46 Squires
30:18 Town Patrol
34:32 Imperial Age
32:18 Forging
32:32 Ballistics
31:52 Treadmill Crane
32:23 Scale Mail Armor
32:41 Murder Holes
32:57 Masonry
32:40 Fletching
32:51 Padded Archer Armor
33:48 Anarchy
34:12 Man-at-Arms
35:31 Iron Casting
35:12 Chain Mail Armor
34:53 Bodkin Arrow
35:14 Leather Archer Armor
35:05 Scale Barding Armor
36:16 Crop Rotation
36:49 Two-Man Saw
35:55 Perfusion
36:16 Conscription
37:36 Chemistry
36:06 Elite Skirmisher
37:53 Blast Furnace
36:22 Halberdier
38:39 Architecture
38:14 Bracer
37:44 Long Swordsman
39:43 Two-Handed Swordsman
40:50 Guilds
41:20 Ring Archer Armor
41:40 Champion
44:02 Chain Barding Armor
43:16 Sappers
44:02 Light Cavalry
44:52 Bloodlines
44:46 Husbandry
45:55 Hussar
53:27 Elite Huskarl
56:59 Fervor
Connection lost

Rejoining the realm…

Still unreachable

The connection could not be restored.

Session expired

The server has moved on; the page needs a fresh start.